 Dungeon Crawl Stone Soup version 0.30.0-18-gc0e69614cb (webtiles) character file.

Game seed: 5601381648372880477

9608 RascalDebosk the Fighter (level 11, 0/89 HPs)
             Began as a Djinni Summoner on May 23, 2023.
             Was a Follower of Ashenzari.
             Slain by a shadow (29 damage)
             ... on level 10 of the Dungeon on May 24, 2023.
             The game lasted 01:51:24 (8326 turns).

RascalDebosk the Fighter (Djinni Summoner)          Turns: 8326, Time: 01:51:25

Health: 0/89       AC:  8    Str:  7    XL:     11   Next: 77%
Gold:   1582       EV: 12    Int: 24    God:    Ashenzari [*.....] SH:  0 Dex: 17

rFire   + + .        C - +9 falchion "Loss of Ashenzari" {venom, rPois Int+3 Dex+3, Self, Melee} (curse)
rCold   x . .        (no shield)
rNeg    . . .        I - +0 troll leather armour
rPois   ∞            q - +0 helmet
rElec   .            s - +0 cloak
rCorr   .            p - +0 pair of gloves
SInv    .            (boots unavailable)
Will    +....        o - amulet of the Distant Seer {Regen+, Self, Melee} (curse)
Stlth   ++           (no ring)
HPRegen 1.94/turn    (no ring)
MPRegen 0.00/turn

%: infuse magic (-1 HP)
@: flying, studying 2 skills
A: sickness immunity, fire resistance 2, cold vulnerability 1, float, innate
caster, HP casting, extra vitality 1
a: Renounce Religion, Curse Item, Shatter the Chains


You were on level 10 of the Dungeon.
You worshipped Ashenzari.
Ashenzari was aware of your devotion.
You visited 2 branches of the dungeon, and saw 11 of its levels.
You also visited: Bailey.

You collected 1582 gold pieces.

Inventory:

Hand Weapons
 C - the cursed +9 falchion "Loss of Ashenzari" (weapon) {venom, rPois Int+3 Dex+3, Self, Melee}
   (You found it on level 7 of the Dungeon)

   Int:       It affects your intelligence (+3).
   Dex:       It affects your dexterity (+3).
   rPois:     It protects you from poison.
   It has a curse which improves the following skills: Introspection: Fighting
   and Spellcasting.
   Melee Combat: Short Blades, Long Blades, Axes, Maces & Flails, Polearms,
   Staves and Unarmed Combat.
Missiles
 l - a throwing net {@!f}
Armour
 p - a +0 pair of gloves (worn)
 q - a +0 helmet (worn)
 s - a +0 cloak (worn)
 I - a +0 troll leather armour (worn)
Jewellery
 o - the cursed amulet of the Distant Seer (around neck) {Regen+, Self, Melee}
   (You found it on level 2 of the Dungeon)

   [amulet of regeneration]

   Regen:     It increases your rate of health regeneration.
   It has a curse which improves the following skills: Introspection: Fighting
   and Spellcasting.
   Melee Combat: Short Blades, Long Blades, Axes, Maces & Flails, Polearms,
   Staves and Unarmed Combat.
Wands
 f - a wand of roots (6)
 x - a wand of quicksilver (7)
 z - a wand of digging (5)
 B - a wand of charming (11)
 G - a wand of flame (13)
Scrolls
 d - a scroll of immolation
 g - a scroll of blinking
 h - a scroll of butterflies
 k - 3 scrolls of magic mapping
 r - 3 scrolls of vulnerability
 t - 9 scrolls of teleportation
 v - 3 scrolls of noise
 w - a scroll of enchant weapon
 A - a scroll of silence
 D - 2 scrolls of fear
Potions
 c - 2 potions of brilliance
 e - 2 potions of cancellation
 j - a potion of berserk rage
 m - a potion of haste
 n - 3 potions of curing
 u - a potion of might
 y - a potion of mutation
 H - 3 potions of invisibility


   Skills:
 * Level 10.6(11.8) Fighting
 - Level 3.1(5.2) Short Blades
 + Level 4.5(6.1) Long Blades
 - Level 4.0 Armour
 - Level 2.1 Dodging
 - Level 1.5 Stealth
 + Level 2.9 Shields
 * Level 9.4(10.6) Spellcasting
 - Level 4.0 Evocations


You knew the following spells:

 Your Spells              Type           Power      Damage    Failure   Level
a - Summon Small Mammal   Summ           100%       N/A       1%          1
b - Call Imp              Summ           100%       N/A       1%          2
c - Call Canine Familiar  Summ           59%        N/A       1%          3
d - Summon Guardian Gole  Hex/Summ       59%        N/A       1%          3
e - Summon Lightning Spi  Summ/Air       59%        N/A       1%          4
f - Slow                  Hex            100%       N/A       1%          1
g - Momentum Strike       Conj/Tloc      100%       3d10      1%          2
h - Ozocubu's Armour      Ice            59%        N/A       1%          3
i - Animate Armour        Summ/Erth      100%       N/A       1%          4
j - Animate Dead          Necr           59%        N/A       1%          4
Your spell library was empty.

Dungeon Overview and Level Annotations

Branches:
Dungeon (10/15)            Temple (1/1) D:5             Orc (0/2) D:9
 Bailey (visited)
   Lair: D:8-11

Altars:
Ashenzari
Cheibriados
Dithmenos
Elyvilon
Fedhas
Gozag
Hepliaklqana
Makhleb
Nemelex Xobeh
Qazlal
Ru
Trog
Uskayaw
Wu Jian
Xom
Yredelemnul
Zin
The Shining One

Annotations:
D:5 1 runed translucent door, Crazy Yiuf


Innate Abilities, Weirdness & Mutations

You are immune to sickness and miasma.
You are immune to poison.
Your flesh is very heat resistant. (rF++)
You are vulnerable to cold. (rC-)
You float through the air rather than walking.
You learn spells naturally, not from books.
Your magical power is your life essence.
You have superior vitality. (+4 MHP)


Message History

The kobold dies!
The kobold brigand hits your wolf with a +0 club.
Your wolf closely misses the kobold brigand.
Your wolf barely misses the kobold brigand.
The kobold misses your wolf.
The kobold brigand throws a curare-tipped dart.
The curare-tipped dart hits your wolf.
Your wolf is poisoned.
Your wolf convulses.
Your wolf dies!
Your wolf's corpse disappears in a puff of smoke!
Your lightning spire shoots out a bolt of lightning at the kobold brigand!
The bolt of electricity hits the kobold brigand!
The bolt of electricity hits the kobold!
The kobold dies!
The bolt of electricity hits the kobold!
The kobold dies!
Your lightning spire shoots out a bolt of lightning at the kobold brigand!
The bolt of electricity hits the kobold brigand!
The bolt of electricity hits the kobold!
The kobold dies!
The kobold brigand throws a curare-tipped dart.
The curare-tipped dart completely misses your lightning spire.
The curare-tipped dart hits you.
Your lightning spire shoots out a bolt of lightning at the kobold brigand!
The bolt of electricity hits the kobold brigand!
The kobold brigand dies!
The bolt of electricity hits the kobold!
The kobold dies!
You start waiting.
Your cerulean imp disappears in a puff of smoke!
Your lightning spire disappears in a puff of smoke!
Done waiting.
Things that are here:
a +0 club; a curare-tipped dart; a kobold corpse
Items here: ( )) †.
Things that are here:
a +0 dagger; 4 stones; a kobold corpse
Things that are here:
a +0 whip; 7 poisoned darts; a kobold corpse
Things that are here:
a +0 dagger; 4 stones; a kobold corpse
Things that are here:
a +0 dagger; 4 stones; a kobold corpse
Things that are here:
a +0 whip; 7 poisoned darts; a kobold corpse
Things that are here:
a +0 dagger; 4 stones; a kobold corpse You see here a +0 helmet.
Found a +0 short sword.
You now have 1582 gold pieces (gained 20).
A wraith comes into view.
Found 19 gold pieces.
Casting: Summon Lightning Spire (mildly dangerous; 1% risk of failure)
Confirm with . or Enter, or press ? or * to list all spells.
An electric hum fills the air.
Your lightning spire shoots out a bolt of lightning at the wraith!
The bolt of electricity hits the wraith!
A troll comes into view.
A shadow comes into view.
You slash the wraith!
The wraith is heavily damaged.
The wraith hits you but does no damage.
You barely miss the wraith.
The wraith is heavily damaged.
The shadow slips into darkness.
The shadow flickers and vanishes!
Deactivating autopickup; reactivate with Ctrl-A.
The wraith hits you but does no damage.
You slash the wraith!
The wraith is severely damaged.
Your lightning spire shoots out a bolt of lightning at the wraith!
The bolt of electricity hits the wraith!
The wraith is destroyed!
The bolt of electricity hits the troll!! x2
The troll bites you but does no damage. The troll claws you.
The troll closely misses you.
Found a wand of flame (2).
The troll bites you!
The troll claws you but does no damage. x2
You slash something!
The shadow strikes at you from the darkness!
Reactivating autopickup.
The troll barely misses you. The troll claws you!
* * * LOW HITPOINT WARNING * * *
The troll claws you but does no damage. The troll bites you!
* * * LOW HITPOINT WARNING * * *
The troll claws you!
* * * LOW HITPOINT WARNING * * *
The troll claws you but does no damage. The troll attacks as you move away!
The troll barely misses you. The troll completely misses you.
The troll misses you.
The shadow slips into darkness.
The shadow flickers and vanishes!
Deactivating autopickup; reactivate with Ctrl-A.
You slash the troll!
You kill the troll!
The +0 troll leather armour is intact enough to wear.
Your lightning spire disappears in a puff of smoke!
The shadow strikes at you from the darkness!
You die...

.. #.# . #. #.# ..####.
..######.## .......
........... .......##
########.## ........##
#####.##
......$.)##########.......
.......#{#................
..../..#§@.####.####......
.......##..##.....##......
....... #..#.......#......
....... #..#.......#.†....
....... #......_......#.8.
......# #..#.......#.#####
#..#.......#.#
#..##.....##.##
#..####.####..#


There were no monsters in sight!

Vanquished Creatures
  An unseen horror (D:10)
  A troll (D:10)
  A sky beast (D:6)
  A centaur (D:9)
  A phantom (D:6)
  A kobold brigand (D:9)
  A scorpion (D:6)
  A wight (D:9)
  5 killer bees (D:9)
  2 gnolls
  An adder (D:4)
  A dart slug (D:2)
  4 orcs
  A ball python (D:2)
  An endoplasm (D:1)
  A goblin (D:2)
  A rat (D:3)
25 creatures vanquished.

Vanquished Creatures (collateral kills)
  Erica (D:9)
  A two-headed ogre (D:7)
  An orc knight (Bailey)
  A troll (D:9)
  Grinder (D:3)
  Sigmund (D:4)
  A wraith (D:10)
  A wyvern (D:10)
  5 yaks (D:9)
  2 vampire mosquitoes (D:6)
  A water moccasin (D:7)
  10 orc warriors
  A sky beast (D:8)
  4 ice beasts
  A black bear (D:7)
  An ogre (D:9)
  5 centaurs
  4 bullfrogs
  8 kobold brigands
  4 gnoll sergeants
  2 scorpions
  3 wights (D:9)
  4 killer bees
  2 howler monkeys
  3 hounds
  An orc priest (D:4)
  2 jellies
  A gnoll bouda (D:7)
  3 iguanas
  3 sleepcaps
  10 orc wizards
  19 gnolls
  2 adders
  3 shadow imps
  3 ufetubi
  3 worms
  2 dart slugs
  59 orcs
  2 bats
  4 endoplasms
  4 giant cockroaches
  6 goblins
  6 hobgoblins
  3 jackals (D:2)
  25 kobolds
  4 quokkas
  8 ball pythons
  A frilled lizard (D:2)
  An orc zombie (D:9)
  4 rats
247 creatures vanquished.

Vanquished Creatures (others)
  A troll (D:9)
  2 orc warriors
  A troll zombie (D:9)
  A centaur zombie (D:9)
  An orc priest (D:7)
  A gnoll bouda (D:3)
  Ijyb (D:4)
  A killer bee zombie (D:9)
  2 kobold zombies (D:9)
  3 gnolls (D:3)
  A gnoll zombie (D:9)
  An orc zombie (D:9)
  A goblin (D:3)
17 creatures vanquished.

Grand Total: 289 creatures vanquished

Notes
Turn   | Place    | Note
-------+----------+-------------------------------------------
     0 | D:1      | RascalDebosk the Djinni Summoner began the quest for the
                  | Orb.
     0 | D:1      | RascalDebosk set off with the following spells memorised:
                  | Summon Small Mammal, Call Imp, Call Canine Familiar, Summon
                  | Guardian Golem, Summon Lightning Spire.
     0 | D:1      | Reached XP level 1. HP: 15/15 MP: 0/0
   468 | D:1      | Reached XP level 2. HP: 19/21 MP: 0/0
   841 | D:2      | Reached XP level 3. HP: 24/25 MP: 0/0
   841 | D:2      | Learned a level 1 spell: Slow
  1143 | D:2      | Noticed a scorpion
  1171 | D:2      | Killed a scorpion
  1172 | D:2      | Reached skill level 1 in Evocations
  1172 | D:2      | Reached XP level 4. HP: 7/31 MP: 0/0
  1172 | D:2      | Reached XP level 5. HP: 7/35 MP: 0/0
  1172 | D:2      | Learned a level 2 spell: Momentum Strike
  1701 | D:3      | Identified the +0 dagger "Hepnison" {heavy, Fly rPois Str-5
                  | Dex+2}
  1771 | D:3      | Noticed Grinder
  1782 | D:3      | Killed Grinder
  1783 | D:3      | Reached skill level 2 in Fighting
  1783 | D:3      | Reached skill level 5 in Spellcasting
  1783 | D:3      | Reached XP level 6. HP: 31/45 MP: 0/0
  1789 | D:3      | Reached skill level 3 in Fighting
  1789 | D:3      | Reached XP level 7. HP: 38/50 MP: 0/0
  1789 | D:3      | Learned a level 3 spell: Ozocubu's Armour
  2048 | D:3      | Found a shadowy altar of Dithmenos.
  2548 | D:4      | Noticed Sigmund
  2597 | D:4      | Killed Sigmund
  2760 | D:4      | Reached skill level 4 in Fighting
  2760 | D:4      | Reached XP level 8. HP: 51/58 MP: 0/0
  2773 | D:4      | Found a basalt altar of Yredelemnul.
  2995 | D:4      | Noticed Ijyb
  3008 | D:4      | Killed Ijyb
  3065 | D:5      | Entered Level 5 of the Dungeon
  3090 | D:5      | Found a runed translucent door.
  3091 | D:5      | Noticed Crazy Yiuf
  3211 | D:5      | Found a staircase to the Ecumenical Temple.
  3220 | Temple   | Entered the Ecumenical Temple
  3229 | Temple   | Became a worshipper of Ashenzari the Shackled
  3515 | D:5      | Found a white marble altar of Elyvilon.
  3881 | D:6      | Reached skill level 5 in Fighting
  4047 | D:6      | Reached skill level 1 in Short Blades
  4133 | D:6      | Reached XP level 9. HP: 34/66 MP: 0/0
  4133 | D:6      | Learned a level 4 spell: Animate Armour
  4262 | D:6      | Reached skill level 6 in Fighting
  4957 | D:7      | Identified the +9 falchion of the Unstoppable Curses
                  | {venom, rPois Int+3 Dex+3}
  4964 | D:7      | Reached skill level 7 in Fighting
  5125 | D:7      | Identified the staff of death "Meagh" {Fly rN+ Stlth+}
  5128 | D:7      | Noticed a two-headed ogre
  5131 | D:7      | Killed a two-headed ogre
  5132 | D:7      | Reached skill level 8 in Fighting
  5132 | D:7      | Reached skill level 1 in Long Blades
  5132 | D:7      | Reached XP level 10. HP: 71/77 MP: 0/0
  5817 | D:8      | Found a flagged portal.
  5940 | Bailey   | Entered a bailey
  6074 | Bailey   | HP: 2/78 [orc warrior/+0 halberd (18)]
  6206 | Bailey   | Noticed an orc knight
  6222 | Bailey   | Killed an orc knight
  6223 | Bailey   | Reached skill level 9 in Fighting
  6484 | D:8      | Reached skill level 1 in Armour
  6609 | D:8      | Identified the +2 trident of Emisevon {freeze, rN+ Str+2
                  | Int+4}
  6625 | D:8      | Reached * piety under Ashenzari
  6626 | D:8      | Acquired 751 gold pieces
  6939 | D:9      | Reached XP level 11. HP: 86/86 MP: 0/0
  6939 | D:9      | Learned a level 4 spell: Animate Dead
  6942 | D:9      | Noticed a +0 falchion
  6942 | D:9      | Noticed a +0 falchion
  6943 | D:9      | Noticed a +0 dagger
  6943 | D:9      | Noticed a +0 short sword
  6943 | D:9      | Noticed a +0 spear
  6944 | D:9      | Noticed a +0 spear
  6945 | D:9      | Noticed a +0 short sword
  6946 | D:9      | Noticed a +0 dagger
  6964 | D:9      | Found a hide-covered altar of Uskayaw.
  7288 | D:9      | Found a burning altar of Makhleb.
  7340 | D:9      | Reached skill level 10 in Fighting
  7382 | D:9      | Reached skill level 1 in Shields
  7414 | D:9      | Noticed Erica
  7435 | D:9      | Killed Erica
  7487 | D:9      | Found a staircase to the Orcish Mines.
  7765 | D:10     | Entered Level 10 of the Dungeon
  8025 | D:10     | Found a sacrificial altar of Ru.
  8326 | D:10     | Slain by a shadow

Illustrated notes

Levels and vault maps discovered:
D:1:      dpeg_arrival_court, layout_basic
D:2:      layout_loops_cross
D:3:      layout_rooms, nicolae_overflow_crystal_walls,
          minmay_goblin_kobold_house, uniq_grinder
D:4:      layout_loops_corners, mainiacjoe_overflow_alcove_2, minivault_24,
          uniq_sigmund, uniq_ijyb
D:5:      layout_basic, gammafunk_temple_overflow_forgotten, temple_pool_b,
          uniq_crazy_yiuf_cottage
D:6:      layout_gridville
D:7:      kennysheep_windowed_halls, layout_loops_ring
D:8:      layout_gridville, enter_bailey_2
D:9:      layout_rooms, nicolae_uskayaw_en_pointe,
          mainiacjoe_overflow_six_doors_small,
          kennysheep_orc_monster_closet_entryway, uniq_erica
D:10:     layout_basic, mainiacjoe_overflow_24_doors, old_standard_altar
Temple:   dshaligram_water_room_temple

Skill      XL: |  1  2  3  4  5  6  7  8  9 10 11 |
---------------+----------------------------------+-----
Spellcasting   | 4 5 6 7 8 9 |  9.4
Evocations     | 1 2 3 4 |  4.0
Fighting       | 2 3 4 5 8 9 10 | 10.6
Short Blades   | 1 3 |  3.1
Long Blades    | 1 3 4 |  4.5
Armour         | 1 4 |  4.0
Shields        | 2 |  2.9
Dodging        | |  2.1
Stealth        | |  1.5

Action                     |  1- 3 |  4- 6 |  7- 9 | 10-12 || total
---------------------------+-------+-------+-------+-------++-------
  Melee: Whip              |    17 |     1 |     3 |       ||    21
         Short sword       |       |       |     6 |       ||     6
         Dagger            |       |       |    67 |       ||    67
         Falchion          |       |       |       |    50 ||    50
   Cast: Summon Small Mamm |    30 |     6 |    30 |    17 ||    83
         Call Imp          |     7 |     2 |    15 |     7 ||    31
         Call Canine Famil |     3 |     3 |    30 |    15 ||    51
         Slow              |     1 |       |       |       ||     1
         Summon Lightning  |       |     8 |    39 |    49 ||    96
         Summon Guardian G |       |     1 |    10 |     9 ||    20
         Momentum Strike   |       |     1 |     4 |     2 ||     7
         Ozocubu's Armour  |       |       |     2 |     2 ||     4
         Animate Armour    |       |       |     2 |     2 ||     4
         Animate Dead      |       |       |       |     1 ||     1
 Invoke: Curse Item        |       |       |     1 |     1 ||     2
    Use: Potion            |       |     1 |       |     4 ||     5
         Scroll            |       |       |    14 |     2 ||    16
   Stab: Sleeping          |       |     1 |     1 |       ||     2
         Invisible         |       |       |     1 |       ||     1
         Distracted        |       |       |     2 |       ||     2
 Armour: Robe              |     6 |     2 |    28 |    21 ||    57
         Troll leather arm |       |       |       |    12 ||    12
         Skin              |       |       |       |     1 ||     1
  Dodge: Dodged            |    31 |     6 |    73 |   100 ||   210
